 Dungeon Crawl Stone Soup version 0.31-a0-431-g88bdf31460 (webtiles) character file.

Game seed: 16889893409064848721

8 holysushi the Cutter (level 2, 24/24 HPs)
             Began as a Demonspawn Monk on July 31, 2023.
             Quit the game on level 1 of the Dungeon.
             The game lasted 00:00:15 (238 turns).

holysushi the Cutter (Demonspawn Monk)               Turns: 238, Time: 00:00:15

Health: 24/24      AC:  2    Str: 11    XL:     2   Next: 0%
Magic:  2/2        EV: 12    Int: 11    God:
Gold:   10         SH:  0    Dex: 15    Spells: 1/1 levels left

rFire   . . .        a - +0 short sword
rCold   . . .        (no shield)
rNeg    . . .        b - +0 robe
rPois   .            (no helmet)
rElec   .            (no cloak)
rCorr   .            (no gloves)
SInv    .            (no boots)
Will    .....        (no amulet)
Stlth   +            (no ring)
HPRegen 0.24/turn    (no ring)
MPRegen 0.08/turn

%: no passive effects
@: no status effects
A: demonic guardian 1
a: no special abilities


You were on level 1 of the Dungeon.
You visited 1 branch of the dungeon, and saw 1 of its levels.

You collected 10 gold pieces.

Inventory:

Hand Weapons
 a - a +0 short sword (weapon)
Armour
 b - a +0 robe (worn)
Scrolls
 d - 2 scrolls of identify {unknown}
 e - a scroll of vulnerability {unknown}
 g - a scroll of enchant weapon {unknown}
 i - a scroll of poison {unknown}
 j - a scroll of immolation {unknown}
Potions
 c - a potion of ambrosia
 f - 4 potions of might {unknown}
 h - a potion of curing {unknown}


   Skills:
 - Level 3.0 Fighting
 + Level 3.2 Short Blades
 - Level 2.6 Dodging


You had one spell level left.
You didn't know any spells.
Your spell library contained the following spells:

 Spells                   Type           Power      Damage    Failure   Level
 Foxfire                  Conj/Fire      0%         2x1d4     34%         1
 Plasma Beam              Fire/Air       0%         2x1d10    100%        6
 Starburst                Conj/Fire      0%         6d3       100%        6


Dungeon Overview and Level Annotations

Branches:
Dungeon (1/15) Zot: 5764

Altars:


Innate Abilities, Weirdness & Mutations

A weak demonic guardian rushes to your aid.


Message History

No target in view!
f - 3 red potions (gained 1)
f - 4 red potions (gained 1)
A hobgoblin comes into view.
The hobgoblin shouts!
A hobgoblin is nearby!
A hobgoblin is nearby!
The hobgoblin misses you.
A hobgoblin is nearby!
You closely miss the hobgoblin. The hobgoblin barely misses you.
A hobgoblin is nearby!
You hit the hobgoblin.
The hobgoblin is heavily wounded.
The hobgoblin barely misses you.
You hit the hobgoblin.
You kill the hobgoblin!
No target in view!
No target in view!
i - a scroll labelled IDGHYMN URUTYHE No target in view!
A ball python comes into view.
A ball python is nearby!
The ball python hisses angrily.
A ball python is nearby!
A ball python is nearby!
A ball python is nearby!
You hit the ball python.
The ball python is moderately wounded.
The ball python misses you. The ball python grabs you.
The ball python constricts you.
You hit the ball python.
You kill the ball python!
You have reached level 2!
Your demonic ancestry asserts itself...
You feel the presence of a demonic guardian.
You see here a ball python corpse.
d - 2 scrolls labelled OMESOSIETU (gained 1)
j - a scroll labelled QOUSEQ GUXZUM You see here a ball python corpse.
Are you sure you want to abandon this character and quit the game? (Confirm with "yes".)

##....##........# #.#
####.##.#.######
#.####### #.##.#.#
#.......# #.##.#.#
#######.# #....#.#######
#.# ###..#.#.....#
#######.# #..#.#.....#
#.......#
#..#.#.....#######.##..#
...# #...†@........#...#
##.##
#.....############# #.
#.....# #. #.....# #.
###.### #.# #.# ..#


There were no monsters in sight!

Vanquished Creatures
  An endoplasm (D:1)
  4 goblins (D:1)
  A hobgoblin (D:1)
  A ball python (D:1)
7 creatures vanquished.

Notes
Turn   | Place    | Note
-------+----------+-------------------------------------------
     0 | D:1      | holysushi the Demonspawn Monk began the quest for the Orb.
     0 | D:1      | Reached XP level 1. HP: 18/18 MP: 1/1
   233 | D:1      | Gained mutation: A weak demonic guardian rushes to your
                  | aid. [demonic ancestry]
   233 | D:1      | Reached XP level 2. HP: 24/24 MP: 2/2
   238 | D:1      | Quit the game

Illustrated notes

Levels and vault maps discovered:
D:1:      minmay_arrival_nine_rooms, layout_basic

Skill      XL: |  1 |
---------------+----+-----
Short Blades   | 3 |  3.2
Fighting       | |  3.0
Dodging        | |  2.6

Action                     || total
---------------------------++-------
  Melee: Short sword       ||    16
   Stab: Sleeping          ||     1
  Dodge: Dodged            ||     6

Table legend: (Time is in decaauts)
 A = Elapsed time spent in this place.
 B = Non-inter-level travel time spent in this place.
 C = Inter-level travel time spent in this place.
 D = Time resting spent in this place.
 E = Time spent auto-exploring this place.
 F = Levels seen in this place.
 G = Mean time per level.
                   A        B        C        D        E       F      G
               +--------+--------+--------+--------+--------+-----+--------+
         Total |    235 |    235 |      0 |      0 |    160 |   1 |  235.0 |
       Dungeon |    235 |    235 |      0 |      0 |    160 |   1 |  235.0 |
               +--------+--------+--------+--------+--------+-----+--------+

Top non-repeatable levels by time:
     D:1: 235 daAuts
